Map: 16 bits EC

Players

HoldTheDoor - Winner!

  • Race: Protoss Protoss
  • League: Diamond
  • Spawn Location: 7:00

KomreJ

  • Race: Zerg Zerg
  • League: Diamond
  • Spawn Location: 1:00

VOD

Have the link to the VOD?

Description

Time

  • Played on: July 8, 2018, 5:01 a.m.
  • Length: 16:35
Show
View Real Time Build Order
Export as new Build Order

HoldTheDoor Protoss - Winner!

Build Orders: 1 Gate Expand 

Get SALT Encoding   

  12  0:00  Probe  
  13  0:12  Probe  
  14  0:18  Pylon  
  14  0:25  Probe  
  15  0:36  Probe  
  15  0:39  Gateway  
  16  0:45  Probe  
  16  0:46  Assimilator  
  17  0:53  Probe  
  18  1:05  Probe  
  19  1:20  Gateway  
  19  1:36  Nexus  
  19  1:49  Cybernetics Core  
  19  1:50  Probe  
  20  1:57  Assimilator  
  20  2:02  Probe  
  20  2:08  Pylon  
  21  2:14  Probe  
  22  2:19  Pylon  
  22  2:22  Warp Gate  
  22  2:29  Adept x2  
  26  2:38  Probe  
  27  2:50  Probe x2  
  31  2:58  Adept x2  
  31  3:02  Probe  
  33  3:13  Probe  
  33  3:14  Probe  
  35  3:25  Probe, Stargate  
  35  3:26  Probe  
  37  3:31  Sentry  
  37  3:32  Adept  
  41  4:02  Oracle  
  41  4:07  Probe  
  41  4:09  Probe  
  44  4:19  Assimilator, Probe  
  44  4:21  Probe  
  44  4:31  Probe  
  44  4:33  Probe  
  46  4:39  Pylon, Void Ray  
  46  4:44  Probe  
  46  4:45  Probe  
  52  4:46  Pylon  
  52  4:51  Gateway  
  52  4:53  Protoss Air Weapons Level 1  
  52  4:56  Probe  
  52  4:57  Probe  
  52  4:58  Pylon  
  54  5:02  Forge  
  54  5:08  Probe  
  54  5:09  Probe  
  56  5:20  Probe  
  57  5:21  Probe  
  57  5:23  Adept x2  
  57  5:25  Void Ray  
  66  5:32  Probe  
  66  5:33  Protoss Ground Weapons Level 1  
  66  5:34  Probe  
  68  5:44  Probe  
  68  5:46  Probe  
  70  5:50  Zealot x2  
  70  5:56  Probe  
  75  5:58  Probe, Pylon  
  75  6:03  Photon Cannon  
  76  6:07  Assimilator  
  76  6:10  Probe x2, Pylon  
  78  6:18  Void Ray  
  82  6:22  Probe x2  
  82  6:24  Fleet Beacon  
  84  6:34  Probe x2  
  84  6:38  Adept x2  
  90  6:46  Probe x2  
  92  6:47  Pylon  
  92  6:48  Gateway  
  92  6:50  Forge, Gateway  
  92  6:53  Pylon  
  92  6:58  Probe  
  92  6:59  Probe  
  93  7:15  Pylon  
  93  7:22  Pylon  
  92  7:25  Probe, Pylon  
  92  7:30  Protoss Shields Level 1, Protoss Ground Armor Level 1  
  92  7:38  Protoss Air Weapons Level 2  
  92  7:44  Carrier, Nexus  
  92  7:48  Graviton Catapult  
  98  7:51  Probe x2  
  98  7:55  Twilight Council  
  98  7:58  Gateway  
  100  8:00  Gateway  
  100  8:06  Pylon  
  100  8:09  Assimilator  
  100  8:11  Assimilator  
  100  8:12  Zealot x2  
  104  8:14  Pylon  
  104  8:15  Sentry x3  
  104  8:18  Probe  
  111  8:24  Probe  
  112  8:30  Probe  
  113  8:43  Zealot x3  
  113  8:44  Zealot x2  
  123  8:54  Charge, Stargate  
  124  9:02  Probe  
  124  9:03  Probe  
  124  9:05  Probe  
  126  9:14  Carrier, Protoss Ground Weapons Level 2  
  132  9:36  Zealot x4  
  140  9:49  Protoss Ground Armor Level 2  
  140  9:54  Protoss Air Armor Level 1  
  140  9:58  Pylon, Zealot x3  
  140  9:59  Zealot x4  
  154  10:01  Pylon  
  154  10:13  Carrier  
  160  10:14  Pylon  
  160  10:21  Pylon  
  160  10:22  Templar Archives  
  159  10:29  Zealot  
  161  10:38  Probe  
  161  10:42  Carrier  
  168  10:52  Stalker  
  168  10:53  Stalker x2  
  168  10:54  Stalker x2  
  178  11:02  Gateway  
  178  11:04  Pylon  
  178  11:13  Nexus  
  178  11:15  Pylon  
  178  11:19  Pylon  
  178  11:21  Zealot x4  
  185  11:32  Protoss Shields Level 2  
  185  11:33  High Templar x3  
  185  11:36  Protoss Ground Weapons Level 3  
  189  11:55  Carrier  
  195  12:02  Robotics Facility  
  195  12:13  High Templar x2  
  199  12:18  Archon  
  199  12:24  Probe  
  200  12:38  Protoss Air Weapons Level 3  
  200  12:48  Assimilator  
  200  12:50  Pylon  
  200  12:52  Assimilator  
  200  12:55  Pylon x3  
  200  12:57  Shield Battery, Photon Cannon  
  200  12:58  Photon Cannon  
  200  13:00  Pylon  
  200  13:01  Shield Battery, Photon Cannon  
  200  13:03  Psionic Storm  
  200  13:49  Pylon  
  200  13:53  Pylon  
  188  14:06  Archon  
  148  14:25  Observer  
  147  14:33  Void Ray x2  
  153  14:46  Observer  
  154  14:54  Zealot  
  154  14:55  Zealot x6  
  154  14:56  Zealot  
  166  15:15  Zealot  
  166  15:16  Void Ray, Zealot x7  
  184  15:30  Observer  
  184  15:34  Probe x4  
  189  15:46  Probe  
  182  15:51  Immortal  
Show
View Real Time Build Order
Export as new Build Order

KomreJ Zerg 

Build Orders: Pool First, Lurkers 

Get SALT Encoding   

  12  0:01  Drone  
  13  0:12  Overlord  
  13  0:18  Drone  
  14  0:31  Drone x2  
  14  0:34  Drone  
  17  0:48  Spawning Pool  
  16  0:51  Drone  
  17  1:15  Hatchery  
  17  1:17  Drone  
  17  1:20  Drone  
  17  1:22  Extractor  
  17  1:23  Drone  
  18  1:31  Drone  
  19  1:37  Queen  
  21  1:42  Zergling x2  
  22  1:51  Overlord  
  22  2:12  Drone x2  
  24  2:17  Queen  
  24  2:22  Overlord  
  26  2:39  Drone x3  
  26  2:41  Baneling Nest  
  28  2:52  Drone  
  28  2:53  Drone x4  
  28  2:57  Queen  
  35  3:02  Extractor  
  34  3:06  Drone x2  
  35  3:15  Evolution Chamber  
  34  3:21  Zergling x6  
  37  3:27  Metabolic Boost  
  37  3:34  Spore Crawler  
  37  3:40  Drone x5  
  41  3:53  Drone x3  
  42  3:59  Drone  
  43  4:16  Zerg Melee Weapons Level 1  
  43  4:17  Overlord, Drone  
  43  4:20  Lair  
  44  4:27  Extractor  
  44  4:29  Extractor  
  44  4:31  Spore Crawler  
  41  4:42  Drone x4  
  45  4:50  Zergling x4  
  47  5:06  Hatchery, Extractor  
  45  5:09  Extractor  
  45  5:13  Drone x5  
  45  5:14  Drone  
  50  5:21  Hydralisk Den  
  50  5:24  Spore Crawler  
  48  5:37  Overlord x3  
  47  5:53  Hydralisk  
  47  5:54  Hydralisk  
  47  5:55  Overlord x2  
  47  5:56  Hydralisk x2  
  55  5:58  Overseer x4, Pneumatized Carapace  
  55  6:02  Drone  
  56  6:06  Grooved Spines  
  56  6:26  Hydralisk x4  
  56  6:27  Hydralisk  
  56  6:28  Drone x3  
  69  6:34  Zerg Missile Weapons Level 1  
  69  6:38  Drone x4  
  74  6:40  Drone, Evolution Chamber  
  73  6:59  Drone x2  
  73  7:00  Drone x4  
  79  7:17  Muscular Augments  
  79  7:24  Spore Crawler, Drone x5  
  79  7:25  Drone x3  
  85  7:33  Zerg Ground Armor Level 1  
  85  7:38  Lurker Den  
  85  7:39  Infestation Pit  
  83  7:59  Hydralisk  
  83  8:00  Hydralisk x6  
  97  8:09  Hatchery  
  96  8:18  Hive  
  96  8:23  Overlord x2  
  96  8:40  Spore Crawler  
  95  8:51  Drone x2  
  95  8:52  Overlord, Drone x6  
  95  8:53  Overlord x2, Drone x2  
  95  8:54  Drone  
  106  8:59  Zerg Missile Weapons Level 2  
  106  9:07  Lurker x4  
  106  9:08  Lurker x3  
  113  9:17  Spore Crawler  
  113  9:18  Spore Crawler  
  113  9:20  Spore Crawler  
  113  9:23  Overlord  
  113  9:24  Overlord  
  110  9:30  Extractor  
  109  9:32  Hatchery  
  109  9:33  Spore Crawler  
  109  9:34  Extractor  
  109  9:38  Hydralisk x5  
  106  9:39  Hydralisk x3  
  106  9:44  Viper  
  106  9:45  Viper  
  128  9:56  Spore Crawler  
  127  10:02  Zerg Ground Armor Level 2  
  127  10:08  Drone  
  128  10:30  Viper x2  
  134  10:48  Hydralisk, Viper  
  134  10:49  Hydralisk x3  
  145  10:50  Overlord x5  
  145  10:51  Zergling x4  
  147  11:26  Zerg Missile Weapons Level 3, Hatchery  
  147  11:28  Extractor  
  147  11:30  Extractor  
  144  11:39  Spore Crawler  
  143  11:43  Spore Crawler  
  138  11:54  Hydralisk x3  
  138  11:55  Hydralisk x6  
  138  11:56  Hydralisk x6  
  138  11:57  Hydralisk x2  
  138  11:58  Overlord x3  
  172  12:28  Overseer  
  172  12:39  Overseer  
  172  12:59  Overseer x4  
  172  13:00  Overseer x3  
  172  13:02  Overseer  
  172  13:08  Spire  
  172  13:11  Zerg Ground Armor Level 3, Spire  
  170  13:18  Drone x7  
  170  13:19  Drone x6  
  183  13:24  Lurker  
  175  14:03  Unknown  
  175  14:04  Unknown  
  175  14:05  Unknown  
  85  14:18  Unknown  
  85  14:20  Hydralisk  
  85  14:21  Hydralisk x6  
  85  14:22  Hydralisk x7  
  85  14:23  Hydralisk x3  
  110  14:46  Hydralisk x6  
  110  14:47  Hydralisk x2  
  117  15:17  Drone  
  117  15:18  Drone x6  
  117  15:19  Drone x6  
  121  15:43  Hydralisk x2  
  119  16:00  Hydralisk x3  
  119  16:02  Overlord x2  
Tags
 
Add a new tag
Caveats
  • Supply blocks, unpowered buildings, or Contaminate may cause inaccurate times.
  • Supply counts are checked every 10 seconds.